 Dungeon Crawl Stone Soup version 0.21-a0-273-g0785366 (webtiles) character file.

136241 vishdafish the Grappler (level 16, -5/141 HPs)
             Began as a Troll Fighter on Sept 17, 2017.
             Was the Champion of Nemelex Xobeh.
             Killed from afar by Nikola (16 damage)
             ... with a chain lightning
             ... on level 1 of the Spider Nest.
             The game lasted 01:44:31 (26384 turns).

vishdafish the Grappler (Troll Fighter)            Turns: 26384, Time: 01:44:32

Health: -5/141     AC: 10    Str: 28    XL:     16   Next: 66%
Magic:  24/24      EV: 21    Int:  4    God:    Nemelex Xobeh [******]
Gold:   2920       SH: 16    Dex: 19    Spells: 9/15 levels left

rFire    . . .     SeeInvis .     - Unarmed
rCold    + . .     Gourm    +   b - +0 shield
rNeg     . . .     Faith    .   T - +0 troll leather armour
rPois    +         Spirit   .   (helmet restricted)
rElec    .         Reflect  +   n - +0 cloak
rCorr    .         Harm     .   (gloves unavailable)
MR       ++...     Clarity  +   (boots unavailable)
Stlth    ++........             M - amulet "Qepheuru" {Reflect rPois rC+ MR- Dex+3 SH+3}
HPRegen  1.13/turn              P - ring of protection from magic
MPRegen  0.19/turn              K - +5 ring of evasion

@: very slightly contaminated
A: unfitting armour, claws 3, rugged brown scales 1, thin skeletal structure 1,
yellow scales 1, clarity, deformed body, fast metabolism 3, frail 1, gourmand,
magic resistance 1, sense surroundings 1, regeneration 1, shaggy fur 1, tough
skin 2
a: Triple Draw, Deal Four, Stack Five, Renounce Religion


You were on level 1 of the Spider Nest.
You worshipped Nemelex Xobeh.
Nemelex Xobeh was exalted by your worship.
You were very full.

You visited 7 branches of the dungeon, and saw 27 of its levels.

You collected 2920 gold pieces.

Inventory:

Missiles
 I - 2 throwing nets
 Y - 29 large rocks (quivered)
Armour
 b - a +0 shield (worn)
 n - a +0 cloak (worn)
 T - a +0 troll leather armour (worn)
Jewellery
 y - an uncursed ring of ice
 K - a +5 ring of evasion (right claw)
 M - the amulet "Qepheuru" (around neck) {Reflect rPois rC+ MR- Dex+3 SH+3}
   (You found it on level 5 of the Lair of Beasts)

   [amulet of reflection]

   It shields you and reflects attacks.
   It affects your dexterity (+3).
   It protects you from cold.
   It protects you from poison.
   It affects your resistance to hostile enchantments.
   It affects your SH (+3).
 P - a ring of protection from magic (left claw)
 S - the ring of Paw Kyma {+Blink rC+ MP+9 Str+3}
   (You found it on level 15 of the Dungeon)

   [ring of protection from cold]

   It affects your strength (+3).
   It protects you from cold.
   It affects your magic capacity (+9).
   It lets you blink.
Scrolls
 h - 5 scrolls of fog
 k - 4 scrolls of magic mapping
 l - a scroll of torment
 o - 2 scrolls of amnesia
 p - 4 scrolls of enchant weapon
 r - 16 scrolls of remove curse
 s - a scroll of blinking
 u - 5 scrolls of enchant armour
 w - 4 scrolls of fear
 x - 9 scrolls of teleportation
 E - a scroll of holy word
 H - 4 scrolls of recharging
 J - 3 scrolls of immolation
 X - 2 scrolls of summoning
Potions
 c - 3 potions of might
 e - a potion of mutation
 g - 6 potions of cancellation
 j - 3 potions of flight
 q - a potion of lignification
 t - 9 potions of curing
 A - 2 potions of magic
 G - 3 potions of haste
 L - a potion of invisibility
 R - a potion of brilliance
 U - 3 potions of agility
Books
 Z - Roxanne's Almanac of Changing
   (You took it off Roxanne on level 15 of the Dungeon)

   Spells                             Type                      Level
   a - Beastly Appendage              Transmutation                1
   b - Ignite Poison                  Fire/Transmutation/Poison    3
   c - Petrify                        Transmutation/Earth          4
   d - Blade Hands                    Transmutation                5
   e - Statue Form                    Transmutation/Earth          6
Miscellaneous
 a - an ornate deck of escape
 m - an ornate deck of destruction
 v - a plain deck of destruction {drawn: 1}
 B - a legendary deck of destruction
 C - a legendary deck of destruction
 D - an ornate deck of destruction {drawn: 9}
 F - a legendary deck of summoning
 N - a legendary deck of destruction {drawn: 2}
 O - a legendary deck of summoning {drawn: 6}
 V - a legendary deck of destruction
Comestibles
 d - 18 bread rations
 f - 14 meat rations
 z - 16 fruits


   Skills:
 - Level 8.2 Fighting
 * Level 12.5 Throwing
 * Level 6.2 Armour
 + Level 9.1 Dodging
 - Level 12.1 Shields
 * Level 14.2 Unarmed Combat
 * Level 12.5 Invocations


You had 9 spell levels left.
You knew the following spells:

 Your Spells              Type           Power        Failure   Level  Hunger
a - Statue Form           Tmut/Erth      #........    100%        6    #######


Dungeon Overview and Level Annotations

Branches:
Dungeon (15/15)            Temple (1/1) D:6            Lair (6/6) D:8
 Shoals (0/4) Lair:3       Spider (1/4) Lair:4        Slime (0/5) Lair:6
    Orc (2/2) D:9             Elf (1/3) Orc:2        Vaults (0/5) D:13
 Depths (1/5) D:15

Altars:
Ashenzari
Cheibriados
Dithmenos
Elyvilon
Fedhas
Gozag
Hepliaklqana
Kikubaaqudgha
Makhleb
Nemelex Xobeh
Okawaru
Qazlal
Ru
Sif Muna
Trog
Uskayaw
Vehumet
Wu Jian
Xom
Yredelemnul
Zin
Beogh

Shops:
D:6 *   D:10 =   Orc:2 %=([

Portals:
Hell: Depths:1
Pandemonium: Depths:1
Ziggurat: Depths:1

Annotations:
Lair:3 exclusion: oklob plant
Spider:1 Nikola, Rupert


Innate Abilities, Weirdness & Mutations

You are too large for most types of armour.
You have claws for hands.
Your metabolism is lightning-fast.
You like to eat raw meat.
Your natural rate of healing is unusually fast.
You are covered in fur. (AC +1)
You have very tough skin. (AC +2)
You are partially covered in rugged brown scales. (AC +1, +3% HP)
You have a somewhat thin skeletal structure. (Dex +2, Stealth)
You are partially covered in yellow scales. (AC +2)
You possess an exceptional clarity of mind.
Armour fits poorly on your strangely shaped body.
You are frail. (-10% HP)
You are resistant to hostile enchantments. (MR+)
You passively map a small area around you.


Message History

You kill the wolf spider!
The demonic crawler dies!
Throwing (i - inventory. (,) - cycle):
Y - 30 large rocks (quivered)
Press: ? - help, Shift-Dir - straight line, f - orb spider
Aim: an orb spider (raging winds, almost dead, fully charged)
You throw a large rock.
The large rock barely misses the orb spider.
Your twister disappears in a puff of smoke!
Nikola mumbles some strange words.
You hear a mighty clap of thunder!
The lightning arc hits the orb spider.
The orb spider dies!
The lightning arc hits the orb spider.
The orb spider dies!
The lightning arc hits you!
* * * LOW HITPOINT WARNING * * *
The lightning arc hits the orb spider.
The orb spider dies!
The lightning arc hits you!
You die...
Your body glows slightly and disappears.

...yss......#§....§. ,
###ss....####@§.... ,,
...y....##§§#§§..} * ,
.y§..y..#§§§#§..., ,
...y...§§§§§§§§.########
.ey.y...§§§§§§§.........,,
..cs....§§§§§§§.......). ,
######§.§§§§§§§††.......
,,
..s.y.y.s§§§.§§.@.......
.s.sy..§§§##############
.s@.....§.§. , , ,,
s............^ ,, ,
s.%......>.... , , , , ,
#.#...#....... ###...
.....## , * , , , , , *


You could see Nikola.

Vanquished Creatures
  Kirke (D:15)
  Roxanne (D:15)
  2 fire giants (Depths:1)
  The ghost of stickyfingers the Basher, a journeyman FoAr of Uskayaw (Orc:2)
  A cacodemon (Depths:1)
  3 stone giants (Depths:1)
  Nessos (D:15)
  Snorg (D:14)
  An ettin (Depths:1)
  2 ogre magi
  Josephine (D:15)
  A great orb of eyes (Depths:1)
  7 vault guards (D:13)
  A catoblepas (Lair:6)
  A rakshasa (Depths:1)
  An ice dragon (Depths:1)
  A spriggan air mage (Depths:1)
  3 centaur warriors
  2 dancing weapons (Elf:1)
  The ghost of Dominolapin the Archer, a novice CeHu of Okawaru (D:9)
  3 death yaks
  12 two-headed ogres
  2 orc high priests
  5 deep elf knights
  Sonja (D:11)
  2 deep trolls (Orc:2)
  4 skeletal warriors
  4 unseen horrors
  A deep elf archer (Elf:1)
  A phantasmal warrior (D:13)
  15 deep elf magi
  4 wolf spiders
  A wolf spider zombie (D:14)
  An orc knight (D:14)
  9 ugly things
  2 orc sorcerers
  A manticore (Lair:2)
  An orb spider (D:14)
  3 cyclopes
  4 elephants (Lair:5)
  3 merfolk sirens (Lair:3)
  2 naga magi
  4 black mambas
  A gargoyle (D:8)
  16 spiny frogs
  3 molten gargoyles (Lair:6)
  4 rime drakes
  An orange demon (Depths:1)
  8 komodo dragons
  5 yaktaurs
  2 freezing wraiths (D:14)
  2 jumping spiders
  A red devil (Depths:1)
  A queen bee (Lair:6)
  A merfolk (Lair:3)
  Grinder (D:4)
  9 trolls
  A blink frog (Lair:6)
  5 hippogriffs
  2 hippogriffs (shapeshifter)
  3 dream sheep (Lair:5)
  2 air elementals (Depths:1)
  A meliai zombie (D:13)
  7 slime creatures (Depths:1)
  2 hogs
  32 yaks
  A redback (Spider:1)
  A spriggan (shapeshifter) (D:14)
  A water elemental (D:14)
  5 wraiths
  A yak (shapeshifter) (D:14)
  10 wyverns
  A ynoxinul (Depths:1)
  3 shadows
  4 basilisks
  3 humans (Lair:5)
  A human (shapeshifter) (Depths:1)
  A fire elemental (Elf:1)
  A warg (shapeshifter) (Depths:1)
  6 vampire mosquitoes
  4 hungry ghosts
  2 steam dragons (Lair:6)
  2 wargs (Orc:2)
  An acid dragon (D:12)
  4 hell hounds (Lair:6)
  A soldier ant (shapeshifter) (D:14)
  2 two-headed ogre zombies (D:9)
  A floating eye (D:14)
  15 water moccasins
  16 porcupines
  An eye of draining (Lair:6)
  3 ice beasts
  22 orc warriors
  2 sky beasts
  4 boggarts (Depths:1)
  2 phantoms (D:9)
  A tengu (D:14)
  16 ogres
  8 wolves
  7 centaurs
  4 crocodiles
  3 big kobolds
  A gnoll sergeant (D:7)
  17 bullfrogs
  3 scorpions
  2 troll zombies (D:9)
  18 killer bees
  4 wights (D:9)
  4 howler monkeys
  4 crimson imps
  4 lava snakes (Lair:6)
  3 bullfrog zombies
  A quasit (D:11)
  2 centaur zombies
  5 jellies
  18 orc wizards
  5 hounds
  3 centaur skeletons
  2 bullfrog skeletons
  11 orc priests
  2 iguanas
  6 worker ants
  4 ogre zombies (D:9)
  2 hound skeletons
  Robin (D:2)
  A howler monkey skeleton (D:11)
  11 adders
  18 gnolls
  A river rat (D:14)
  3 shadow imps
  6 oozes
  3 worms
  A dart slug (D:2)
  A leopard gecko (D:11)
  57 orcs
  2 ball pythons
  3 giant cockroaches
  13 goblins
  11 hobgoblins
  26 jackals
  21 kobolds
  5 quokkas
  8 bats
  8 frilled lizards
  2 goblin skeletons (D:9)
  3 goblin zombies (D:9)
  A hobgoblin zombie (D:9)
  A jackal zombie (D:6)
  4 orc skeletons (D:9)
  15 orc zombies (D:9)
  2 rats
  2 plants (Lair:6)
739 creatures vanquished.

Vanquished Creatures (collateral kills)
  Frances (D:13)
  A fire giant (Depths:1)
  An iron dragon (Lair:5)
  A ghost moth (Lair:5)
  A fire dragon (Lair:6)
  A deep elf high priest (Elf:1)
  A vault guard (D:13)
  2 hydras (Lair:6)
  Harold (Lair:1)
  A death knight (D:14)
  An ogre mage (Orc:2)
  A queen ant (Lair:5)
  A centaur warrior (D:10)
  8 two-headed ogres
  8 death yaks
  A lindwurm (Lair:6)
  A wolf spider (Spider:1)
  5 deep elf magi (Elf:1)
  An ugly thing (D:15)
  A guardian serpent (D:14)
  A black mamba (Lair:1)
  A gargoyle (D:12)
  A spiny frog (Lair:1)
  5 rime drakes (Lair:6)
  2 demonic crawlers (Spider:1)
  A komodo dragon (Lair:1)
  2 trolls (Orc:2)
  2 jumping spiders (Spider:1)
  A queen bee (Lair:5)
  A hornet (Spider:1)
  8 hippogriffs
  A spriggan (D:7)
  A redback (shapeshifter) (Elf:1)
  2 redbacks (Spider:1)
  2 tarantellas (Spider:1)
  A yak (Lair:5)
  3 basilisks
  3 wyverns (Lair:6)
  A porcupine (Lair:1)
  A water moccasin (Lair:1)
  An orc warrior (D:11)
  A sky beast (D:10)
  6 ogres
  3 centaurs
  A crocodile (Lair:6)
  A gnoll sergeant (D:6)
  2 killer bees (D:9)
  2 jellies
  A killer bee zombie (D:8)
  A worker ant (D:11)
  An adder (D:11)
  2 gnolls (D:6)
  A dart slug (D:8)
  2 leopard geckos
  3 orcs
  A jackal (D:7)
  2 kobolds
110 creatures vanquished.

Vanquished Creatures (others)
  A stone giant (Depths:1)
  A centaur warrior (Depths:1)
  A death yak (Lair:5)
  An ogre mage (Depths:1)
  A deep elf archer (Elf:1)
  An unseen horror (D:13)
  3 orb spiders (Spider:1)
  2 wolf spiders (Spider:1)
  A cyclops (Orc:2)
  A spiny frog (Lair:5)
  2 jumping spiders (Spider:1)
  6 redbacks (Spider:1)
  A yak (D:13)
  3 tarantellas (Spider:1)
  A human (Lair:5)
  2 hogs (D:15)
  An ogre (Orc:2)
  2 wolves (Lair:6)
  A crocodile (Lair:6)
  A big kobold (D:13)
  A worker ant (D:13)
  An adder (D:15)
  2 ball lightnings
  2 orcs (D:13)
  3 fungi
  A plant (Lair:6)
43 creatures vanquished.

Grand Total: 892 creatures vanquished

Notes
Turn   | Place    | Note
-------+----------+-------------------------------------------
     0 | D:1      | vishdafish the Troll Fighter began the quest for the Orb.
     0 | D:1      | Reached XP level 1. HP: 22/22 MP: 0/0
    53 | D:1      | Reached XP level 2. HP: 24/29 MP: 1/1
   553 | D:2      | Reached XP level 3. HP: 36/36 MP: 2/2
   576 | D:2      | Found a sacrificial altar of Ru.
   648 | D:2      | Noticed Robin
   800 | D:1      | Reached XP level 4. HP: 44/44 MP: 3/3
   801 | D:1      | Reached skill level 3 in Unarmed Combat
   813 | D:2      | Killed Robin
  1013 | D:2      | Found a white marble altar of Elyvilon.
  1181 | D:2      | Found a shimmering altar of Xom.
  1759 | D:3      | Reached XP level 5. HP: 37/53 MP: 4/4
  2076 | D:3      | Found a white marble altar of Elyvilon.
  2201 | D:4      | Noticed Grinder
  2208 | D:4      | Killed Grinder
  2208 | D:4      | Reached skill level 4 in Unarmed Combat
  2208 | D:4      | Reached XP level 6. HP: 45/61 MP: 5/5
  2759 | D:4      | Reached skill level 5 in Unarmed Combat
  2759 | D:4      | Reached XP level 7. HP: 67/67 MP: 6/6
  2829 | D:5      | Entered Level 5 of the Dungeon
  3326 | D:6      | Found an opulent altar of Gozag.
  3327 | D:6      | Found Gozag's Platinum Reserve.
  3419 | D:6      | Found a blossoming altar of Fedhas.
  3463 | D:6      | Found a staircase to the Ecumenical Temple.
  3486 | Temple   | Entered the Ecumenical Temple
  3714 | Temple   | Became a worshipper of Nemelex Xobeh the Trickster
  3825 | D:6      | Received a gift from Nemelex Xobeh
  3834 | D:6      | Reached skill level 1 in Invocations
  3851 | D:6      | Reached skill level 1 in Throwing
  4144 | D:7      | Reached XP level 8. HP: 52/78 MP: 8/8
  4237 | D:7      | Reached skill level 6 in Unarmed Combat
  4300 | D:7      | Found a stormy altar of Qazlal.
  4301 | D:7      | Noticed an air elemental
  4357 | D:7      | Found a hazy altar of Hepliaklqana.
  4552 | D:7      | Received a gift from Nemelex Xobeh
  4557 | D:7      | Reached * piety under Nemelex Xobeh
  4688 | D:8      | Found a staircase to the Lair.
  4688 | D:8      | Noticed a death yak
  4688 | D:8      | Noticed a death yak
  4688 | D:8      | Noticed a death yak
  4688 | D:8      | Noticed a death yak
  4688 | D:8      | Noticed a two-headed ogre
  4694 | D:8      | Noticed a death yak
  4715 | D:8      | Killed a death yak
  4715 | D:8      | Killed a two-headed ogre
  4715 | D:8      | Reached XP level 9. HP: 41/85 MP: 10/10
  4722 | D:8      | Killed a death yak
  4722 | D:8      | Reached skill level 5 in Dodging
  4722 | D:8      | Reached skill level 7 in Unarmed Combat
  4725 | D:8      | Killed a death yak
  4732 | D:8      | Killed a death yak
  4732 | D:8      | Reached skill level 5 in Fighting
  4736 | D:8      | Killed a death yak
  4736 | D:8      | Reached skill level 8 in Unarmed Combat
  4736 | D:8      | Reached skill level 5 in Invocations
  4736 | D:8      | Reached XP level 10. HP: 61/96 MP: 12/12
  4742 | D:8      | Noticed a two-headed ogre
  4746 | D:8      | Noticed a gargoyle
  4748 | D:8      | Killed a two-headed ogre
  4748 | D:8      | Reached skill level 5 in Throwing
  4748 | D:8      | Reached skill level 5 in Shields
  4764 | D:8      | Killed a gargoyle
  4892 | D:8      | Found a burning altar of Makhleb.
  5770 | D:9      | Noticed Dominolapin's ghost (novice CeHu)
  5771 | D:9      | Found a staircase to the Orcish Mines.
  5790 | D:9      | Killed Dominolapin's ghost
  5965 | D:9      | Received a gift from Nemelex Xobeh
  6043 | D:9      | Found a hide-covered altar of Uskayaw.
  6227 | D:9      | Reached skill level 9 in Unarmed Combat
  6418 | D:9      | Received a gift from Nemelex Xobeh
  6699 | D:9      | Reached ** piety under Nemelex Xobeh
  6718 | D:9      | Found an iron altar of Okawaru.
  6739 | D:9      | Reached XP level 11. HP: 86/104 MP: 14/14
  6964 | D:10     | Entered Level 10 of the Dungeon
  7209 | D:10     | Gained mutation: Your body sometimes deteriorates upon taking damage. [mutagenic meat]
  7210 | D:10     | Gained mutation: You have a somewhat thin skeletal structure. (Dex +2, Stealth) [mutagenic meat]
  7510 | D:10     | Received a gift from Nemelex Xobeh
  7558 | D:10     | Lost mutation: Your body sometimes deteriorates upon taking damage. [potion of mutation]
  7558 | D:10     | Gained mutation: You passively map a small area around you. [potion of mutation]
  7558 | D:10     | Gained mutation: You are partially covered in rugged brown scales. (AC +1, +3% HP) [potion of mutation]
  7558 | D:10     | Gained mutation: You are partially covered in yellow scales. (AC +2) [potion of mutation]
  7566 | D:10     | Noticed a centaur warrior
  7637 | D:10     | Killed a centaur warrior
  8003 | D:10     | Found Lihopux's Jewellery Boutique.
  8528 | D:10     | You fall through a shaft for 2 floors!
  9052 | D:11     | Received a gift from Nemelex Xobeh
  9106 | D:11     | Noticed Sonja
  9127 | D:11     | Killed Sonja
  9151 | D:11     | Reached *** piety under Nemelex Xobeh
  9178 | D:11     | Noticed a two-headed ogre
  9203 | D:11     | Killed a two-headed ogre
  9442 | D:11     | Killed an unseen horror
 10008 | D:12     | Reached skill level 10 in Unarmed Combat
 10328 | D:13     | Found a shimmering altar of Xom.
 10470 | D:13     | Reached XP level 12. HP: 98/118 MP: 17/17
 10590 | D:13     | Received a gift from Nemelex Xobeh
 10640 | D:13     | Noticed a centaur warrior
 10647 | D:13     | Killed a centaur warrior
 10794 | D:13     | Noticed a vault guard
 10798 | D:13     | Noticed a vault guard
 10819 | D:13     | Killed a vault guard
 10824 | D:13     | Killed a vault guard
 10825 | D:13     | Noticed a vault guard
 10835 | D:13     | Killed a vault guard
 10914 | D:13     | Noticed a vault guard
 10924 | D:13     | Killed a vault guard
 10938 | D:13     | Noticed a vault guard
 10957 | D:13     | Killed a vault guard
 11033 | D:13     | Noticed a vault guard
 11047 | D:13     | Killed a vault guard
 11173 | D:13     | Found a gate to the Vaults.
 11181 | D:13     | Reached **** piety under Nemelex Xobeh
 11188 | D:13     | Noticed a vault guard
 11201 | D:13     | Killed a vault guard
 11409 | D:13     | Received a gift from Nemelex Xobeh
 11428 | D:13     | Noticed a vault guard
 11437 | D:13     | Killed a vault guard
 11648 | D:13     | Noticed Frances
 11659 | D:13     | Killed Frances
 11659 | D:13     | Reached skill level 11 in Unarmed Combat
 11848 | Lair:1   | Entered Level 1 of the Lair of Beasts
 11869 | Lair:1   | Identified a scroll of acquirement
 11941 | Lair:1   | Received a gift from Nemelex Xobeh
 12291 | Lair:1   | Reached XP level 13. HP: 115/127 MP: 18/18
 12400 | Lair:1   | Noticed Harold
 12420 | Lair:1   | Killed Harold
 12573 | Lair:1   | Received a gift from Nemelex Xobeh
 13104 | Lair:2   | Received a gift from Nemelex Xobeh
 13414 | Lair:2   | Noticed Urug
 13417 | Lair:2   | Noticed Urug
 13417 | Lair:2   | Urug changed into Urug the manticore
 13420 | Lair:2   | Killed Urug the manticore
 13421 | Lair:2   | Found a glowing silver altar of Zin.
 14301 | Lair:3   | Reached ***** piety under Nemelex Xobeh
 14384 | Lair:3   | Found a staircase to the Shoals.
 15235 | Lair:4   | Received a gift from Nemelex Xobeh
 15412 | Lair:4   | Found a hole to the Spider Nest.
 16129 | Lair:5   | Received a gift from Nemelex Xobeh
 16405 | Lair:5   | Got a smoking ivory amulet
 16564 | Lair:5   | Identified the amulet "Qepheuru" {Reflect rPois rC+ MR- Dex+3 SH+3} (You found it on level 5 of the Lair of Beasts)
 16810 | Lair:5   | Reached skill level 10 in Invocations
 16832 | Lair:5   | Noticed an iron dragon
 16832 | Lair:5   | a death yak changed into an iron dragon
 16837 | Lair:5   | Killed an iron dragon
 16837 | Lair:5   | Reached skill level 10 in Shields
 16837 | Lair:5   | Reached XP level 14. HP: 88/139 MP: 11/20
 16846 | Lair:5   | Killed a ghost moth
 16961 | Lair:5   | Reached skill level 12 in Unarmed Combat
 17935 | Lair:6   | Entered Level 6 of the Lair of Beasts
 17944 | Lair:6   | Found a frozen archway.
 18042 | Lair:6   | Reached skill level 10 in Throwing
 18101 | Lair:6   | Received a gift from Nemelex Xobeh
 18344 | Lair:6   | Found a large runed door.
 18404 | Lair:6   | Reached ****** piety under Nemelex Xobeh
 18405 | Lair:6   | Received a gift from Nemelex Xobeh
 18542 | Lair:6   | Found a large runed door.
 18943 | Lair:6   | Found a staircase to the Slime Pits.
 19506 | Orc:1    | Entered Level 1 of the Orcish Mines
 19801 | Orc:2    | Entered Level 2 of the Orcish Mines
 19801 | Orc:2    | Found a staircase to the Elven Halls.
 19851 | Orc:2    | Noticed stickyfingers's ghost (journeyman FoAr)
 20004 | Orc:2    | Received a gift from Nemelex Xobeh
 20306 | Orc:1    | Received a gift from Nemelex Xobeh
 20548 | Orc:2    | Killed stickyfingers's ghost
 20623 | Orc:2    | Found a roughly hewn altar of Beogh.
 20916 | Orc:2    | Reached skill level 1 in Armour
 20982 | Orc:2    | Reached XP level 15. HP: 127/147 MP: 22/22
 21033 | Orc:2    | Found Voyl's Jewellery Shop.
 21034 | Orc:2    | Found Tamnayt's Armour Boutique.
 21079 | Orc:2    | Found Reatar's Food Shoppe.
 21088 | Orc:2    | Found Allumeha's Antique Weapon Shop.
 21357 | D:14     | Noticed Snorg
 21370 | D:14     | Killed Snorg
 21568 | D:14     | Received a gift from Nemelex Xobeh
 21766 | D:14     | Reached skill level 13 in Unarmed Combat
 21792 | D:14     | Gained mutation: You have a pair of small antennae on your head. [mutagenic meat]
 21793 | D:14     | Gained mutation: You are resistant to hostile enchantments. (MR+) [mutagenic meat]
 22180 | D:15     | Entered Level 15 of the Dungeon
 22509 | D:15     | Noticed Roxanne
 22528 | D:15     | Killed Roxanne
 22534 | D:15     | Identified Roxanne's Almanac of Changing (You took it off Roxanne on level 15 of the Dungeon)
 22546 | D:15     | Learned a level 6 spell: Statue Form
 22588 | D:15     | Noticed Kirke
 22589 | D:15     | Noticed Josephine
 22604 | D:15     | Killed Kirke
 22605 | D:15     | Killed Josephine
 22777 | D:15     | Got a coiled turquoise ring
 22779 | D:15     | Identified the ring of Paw Kyma {+Blink rC+ MP+9 Str+3} (You found it on level 15 of the Dungeon)
 22865 | D:15     | Noticed Nessos
 22870 | D:15     | Killed Nessos
 22999 | D:15     | Found a staircase to the Depths.
 23225 | D:15     | Received a gift from Nemelex Xobeh
 23463 | Elf:1    | Entered Level 1 of the Elven Halls
 23531 | Elf:1    | Received a gift from Nemelex Xobeh
 23671 | Elf:1    | Got a sparkling jade amulet
 23673 | Elf:1    | Identified the amulet of Vyegeth {RegenMP Str+2 Int+2} (You found it on level 1 of the Elven Halls)
 23824 | Elf:1    | Received a gift from Nemelex Xobeh
 24316 | Elf:1    | Lost mutation: You have a pair of small antennae on your head. [mutagenic meat]
 24317 | Elf:1    | Gained mutation: You possess an exceptional clarity of mind. [mutagenic meat]
 24339 | Elf:1    | Reached XP level 16. HP: 147/156 MP: 23/23
 24867 | Depths:1 | Entered Level 1 of the Depths
 24873 | Depths:1 | Reached skill level 5 in Armour
 24952 | Depths:1 | Found a radiant altar of Vehumet.
 24972 | Depths:1 | Received a gift from Nemelex Xobeh
 24979 | Depths:1 | Found a gateway to a ziggurat.
 25274 | Depths:1 | HP: 7/156 [fire giant/bolt of fire (37)]
 25377 | Depths:1 | Reached skill level 14 in Unarmed Combat
 25805 | Depths:1 | Received a gift from Nemelex Xobeh
 25858 | Depths:1 | Found a gateway to Hell.
 25909 | Depths:1 | Found a one-way gate leading to the halls of Pandemonium.
 25920 | Depths:1 | Gained mutation: You are frail. (-10% HP) [a cacodemon]
 25929 | Depths:1 | Gained mutation: Armour fits poorly on your strangely shaped body. [a cacodemon]
 26353 | Spider:1 | Entered Level 1 of the Spider Nest
 26353 | Spider:1 | Noticed Rupert
 26357 | Spider:1 | Paralysed by a hornet for 3 turns
 26363 | Spider:1 | HP: 2/141 [wolf spider (8)]
 26368 | Spider:1 | Noticed Nikola
 26377 | Spider:1 | HP: 2/141 [card of wild magic (19)]
 26384 | Spider:1 | Killed from afar by Nikola

Vault maps used:
D:1:      minmay_arrival_arboretum_small, dk_noncrumbling_4
D:2:      nicolae_ru_awakened_eye, lemuel_coloured_pillars_altar,
          elyvilon_altar_1, uniq_robin
D:3:      nicolae_overflow_hidden_temple, lemuel_doored_altar, first_bread
D:4:      nrook_uturn, uniq_grinder
D:5:      uniq_blork_the_orc, uniq_crazy_yiuf_cottage
D:6:      fedhas_altar_1, nicolae_gozag_zags_fifth_avenue, temple_green
D:7:      kennysheep_mini, nicolae_qazlal_style_of_elements, the_bakery,
          minmay_misc_feat_diagonals
D:8:      bloody_makhleb, dpeg_lair_monsters
D:9:      overflow_temple_1_default, nicolae_overflow_crystal_walls,
          zombieorc2_lemuel
D:10:     serial_glass, glass_columns_c, glass_columns_b, serial_shops, shop,
          minivault_5
D:11:     uniq_sonja
D:13:     erik_vaults_2, xom_confusion_cloud, uniq_frances
D:14:     fountainhead, nrook_guardian_serpent_double, uniq_snorg
D:15:     grunt_enter_depths_magical_seal, minivault_25, serial_park_tiny_2,
          uniq_josephine, uniq_kirke, uniq_roxanne, uniq_nessos
Temple:   minmay_temple_curvy_loop
Lair:1:   serial_bayou_shore_a, grunt_megastairs_4, lemuel_fruit_tree,
          uniq_harold
Lair:2:   basic_altar, uniq_urug
Lair:3:   elwin_shoals_entry_stream, serial_bayou_shore_b
Lair:4:   spider_nest_entry_funnel_web, grunt_megastairs_5
Lair:5:   slaughterhouse, beast_lair_carwin_9
Lair:6:   cheibrodos_lair_end_hotspot, nicolae_slime_entry_slimehenge,
          portal_ice_cave_rime, special_room, serial_bayou_shore_b
Spider:1: nicolae_spider_shape, uniq_rupert, uniq_nikola
Orc:1:    serial_shops
Orc:2:    st_orc_open, kennysheep_orc_chapel
Elf:1:    kennysheep_underground_church, grunt_ministairs_10
Depths:1: enter_ziggurat_e, hell_entry, serial_sigils_hangedman_stare,
          rand_demon_pan_entry_5, kennysheep_small_circle

Skill      XL: |  1  2  3  4  5  6  7  8  9 10 11 12 13 14 15 16 |
---------------+-------------------------------------------------+-----
Unarmed Combat | 3 4 5 6 8 9 10 11 12 13 14 | 14.2
Dodging        | 3 4 5 6 7 8 9 |  9.1
Fighting       | 3 4 5 6 7 8 |  8.2
Shields        | 3 4 5 6 7 10 11 12 | 12.1
Invocations    | 1 3 5 6 8 9 10 11 12 | 12.5
Throwing       | 1 3 4 6 7 8 9 10 11 12 | 12.5
Armour         | 1 4 6 |  6.2

Action                   |  1- 3 |  4- 6 |  7- 9 | 10-12 | 13-15 | 16-18 || total
-------------------------+-------+-------+-------+-------+-------+-------++-------
Melee: Unarmed           |   100 |   205 |    99 |   748 |  1276 |   220 ||  2648
Throw: Javelin           |       |       |     5 |    26 |    23 |       ||    54
       Tomahawk          |       |       |       |    36 |     1 |       ||    37
       Large rock        |       |       |       |    26 |    59 |    43 ||   128
       Throwing net      |       |       |       |       |     2 |       ||     2
Evoke: Deck              |       |       |    11 |    27 |    56 |    21 ||   115
       Lightning rod     |       |       |       |     1 |       |       ||     1
       Sack of spiders   |       |       |       |       |     1 |       ||     1
  Use: Scroll            |       |       |       |    24 |     6 |     6 ||    36
       Potion            |       |       |       |     1 |     3 |     4 ||     8
 Stab: Sleeping          |     1 |       |       |       |     3 |     1 ||     5
       Confused          |       |       |       |     1 |       |       ||     1
       Distracted        |       |       |       |       |     1 |     1 ||     2
  Eat: Chunk             |     9 |    22 |    16 |    76 |   111 |    23 ||   257
       Royal jelly       |       |       |       |     1 |     2 |       ||     3
       Fruit             |       |       |       |     2 |       |       ||     2
Armor: Robe              |    39 |    59 |    41 |   151 |    64 |       ||   354
       Steam dragon scal |       |       |       |       |    41 |       ||    41
       Troll leather arm |       |       |       |       |    45 |    29 ||    74
Dodge: Dodged            |    41 |    66 |    44 |   340 |   646 |   120 ||  1257
Block: Shield            |    73 |    91 |    72 |   440 |   875 |   154 ||  1705
       Reflection        |       |       |       |       |    23 |    13 ||    36

Table legend:
 A = Spawn XP
 B = Non-spawn XP
 C = Spawn XP percentage of total XP
 D = Spawn monster count
 E = Non-spawn monster count
 F = Spawn count percentage of total count
 G = Total turns spent on level
                    A         B        C        D         E        F      G
               +---------+---------+-------+---------+---------+-------+---------
         Total |       0 |  194630 |   0.0 |       0 |     873 |   0.0 | 26384
               +---------+---------+-------+---------+---------+-------+---------
           D:1 |       0 |      62 |   0.0 |       0 |      27 |   0.0 |   659
           D:2 |       0 |      80 |   0.0 |       0 |      27 |   0.0 |   784
           D:3 |       0 |     229 |   0.0 |       0 |      28 |   0.0 |   755
           D:4 |       0 |     374 |   0.0 |       0 |      16 |   0.0 |   631
           D:6 |       0 |     658 |   0.0 |       0 |      25 |   0.0 |   646
           D:7 |       0 |     955 |   0.0 |       0 |      25 |   0.0 |   655
           D:8 |       0 |    5732 |   0.0 |       0 |      42 |   0.0 |  1165
           D:9 |       0 |    4828 |   0.0 |       0 |      63 |   0.0 |  1494
          D:10 |       0 |    2072 |   0.0 |       0 |      23 |   0.0 |  1557
          D:11 |       0 |    4661 |   0.0 |       0 |      33 |   0.0 |  1000
          D:12 |       0 |    2863 |   0.0 |       0 |      39 |   0.0 |   981
          D:13 |       0 |   14277 |   0.0 |       0 |      35 |   0.0 |  1432
          D:14 |       0 |    9537 |   0.0 |       0 |      36 |   0.0 |   945
          D:15 |       0 |   21407 |   0.0 |       0 |      48 |   0.0 |  1049
        Lair:1 |       0 |    4717 |   0.0 |       0 |      25 |   0.0 |  1058
        Lair:2 |       0 |    5109 |   0.0 |       0 |      25 |   0.0 |  1212
        Lair:3 |       0 |    4316 |   0.0 |       0 |      14 |   0.0 |   870
        Lair:4 |       0 |    4581 |   0.0 |       0 |      16 |   0.0 |  1150
        Lair:5 |       0 |   18091 |   0.0 |       0 |      52 |   0.0 |  1963
        Lair:6 |       0 |   15734 |   0.0 |       0 |      71 |   0.0 |  1419
      Spider:1 |       0 |    6717 |   0.0 |       0 |      28 |   0.0 |    29
         Orc:1 |       0 |    6811 |   0.0 |       0 |      30 |   0.0 |   797
         Orc:2 |       0 |   13442 |   0.0 |       0 |      66 |   0.0 |   962
         Elf:1 |       0 |   16606 |   0.0 |       0 |      29 |   0.0 |  1273
      Depths:1 |       0 |   30771 |   0.0 |       0 |      50 |   0.0 |  1238
               +---------+---------+-------+---------+---------+-------+---------
